 Dungeon Crawl Stone Soup version 0.26.1-2-gb8aa6d0 (webtiles) character file.

Game seed: 5228293584211102826

2614 Arpion the Grappler (level 9, -7/78 HPs)
             Began as a Ghoul Gladiator on Sept 4, 2023.
             Was an Elder of Makhleb.
             Shot with an arrow by a centaur (13 damage)
             ... on level 7 of the Dungeon.
             The game lasted 00:18:50 (6908 turns).

Arpion the Grappler (Ghoul Gladiator)               Turns: 6908, Time: 00:18:51

Health: -7/78      AC:  5    Str: 21    XL:     9   Next: 60%
Magic:  8/8        EV: 13    Int:  3    God:    Makhleb [****..]
Gold:   333        SH:  5    Dex: 10    Spells: 8/8 levels left

rFire    + . .     SeeInvis .     - Unarmed
rCold    + . .     Faith    .   (no shield)
rNeg     + + +     Spirit   .   g - +1 leather armour {rF+}
rPois    ∞         Reflect  +   b - +0 helmet
rElec    .         Harm     .   (no cloak)
rCorr    .         Rampage  .   (no gloves)
Will     .....                  (no boots)
Stlth    ++........             n - amulet of reflection
HPRegen  0.00/turn              (no ring)
MPRegen  0.11/turn              (no ring)

@: no status effects
A: claws 1, cold resistance 1, negative energy resistance 3, inhibited
regeneration, torment resistance, unbreathing
a: Renounce Religion, Minor Destruction, Lesser Servant of Makhleb, Major
Destruction


You were on level 7 of the Dungeon.
You worshipped Makhleb.
Makhleb was greatly pleased with you.
You visited 2 branches of the dungeon, and saw 8 of its levels.

You collected 333 gold pieces.

Inventory:

Hand Weapons
 t - the cursed +1 hand axe "Vaqi Qae" {flame, *Rage +Inv rElec rN+}
   (You took it off an orc on level 4 of the Dungeon)

   It has been specially enchanted to burn those struck by it, causing extra
   injury to most foes and up to half again as much damage against particularly
   susceptible opponents.
   Big, fiery blades are also staple armaments of hydra-hunters.
   It insulates you from electricity.
   It protects you from negative energy.
   It lets you turn invisible.
   It may make you go berserk in combat.
   It has a curse placed upon it.
Armour
 b - a +0 helmet (worn)
 g - a +1 leather armour of fire resistance (worn)
 v - a +2 robe of positive energy
Jewellery
 k - an uncursed ring of fire
 n - an amulet of reflection (around neck)
 u - an uncursed amulet of regeneration {unknown}
Wands
 l - a wand of iceblast (6)
 o - a wand of acid (8)
 x - a wand of disintegration (14)
Scrolls
 c - a scroll of enchant weapon
 e - 3 scrolls of identify
 i - 7 scrolls of teleportation
 r - a scroll of fog
 y - 2 scrolls of remove curse
 z - a scroll of blinking
Potions
 a - 3 potions of attraction {unknown}
 d - 2 potions of brilliance {unknown}
 f - 4 potions of curing
 h - a potion of haste
 j - a potion of degeneration {unknown}
 m - 2 potions of mutation {unknown}
 p - a potion of cancellation {unknown}
 q - a potion of ambrosia {unknown}
 s - 5 potions of heal wounds {unknown}
 w - a potion of lignification {unknown}


   Skills:
 * Level 6.4 Fighting
 - Level 1.7 Throwing
 + Level 4.1 Armour
 + Level 5.1 Dodging
 + Level 3.0 Stealth
 - Level 1.0 Shields
 + Level 10.0 Unarmed Combat
 + Level 0.2 Invocations


You had 8 spell levels left.
You didn't know any spells.
Your spell library contained the following spells:

 Spells                   Type           Power        Failure   Level
 Animate Skeleton         Necr           0%           56%         1
 Pain                     Necr           0%           56%         1
 Corpse Rot               Necr/Air       N/A          71%         2
 Confusing Touch          Hex            0%           91%         3
 Gell's Gravitas          Tloc           0%           91%         3
 Vampiric Draining        Necr           0%           91%         3
 Animate Dead             Necr           0%           100%        4
 Dispel Undead            Necr           0%           100%        4
 Petrify                  Tmut/Erth      0%           100%        4
 Agony                    Necr           0%           100%        5
 Excruciating Wounds      Necr           0%           100%        5
 Metabolic Englaciation   Hex/Ice        0%           100%        5
 Yara's Violent Unravell  Hex/Tmut       0%           100%        5
 Malign Gateway           Summ/Tloc      0%           100%        7
 Monstrous Menagerie      Summ           0%           100%        7
 Summon Greater Demon     Summ           0%           100%        7
 Summon Horrible Things   Summ           0%           100%        8
 Beastly Appendage        Tmut           Unusable     N/A         1
 Sublimation of Blood     Necr           Unusable     N/A         2
 Wereblood                Tmut           Unusable     N/A         2
 Spider Form              Tmut/Pois      Unusable     N/A         3
 Ice Form                 Ice/Tmut       Unusable     N/A         4
 Blade Hands              Tmut           Unusable     N/A         5

Dungeon Overview and Level Annotations

Branches:
Dungeon (7/15)             Temple (1/1) D:5

Altars:
Ashenzari
Cheibriados
Dithmenos
Elyvilon
Fedhas
Gozag
Kikubaaqudgha
Makhleb
Nemelex Xobeh
Okawaru
Qazlal
Ru
Sif Muna
Trog
Uskayaw
Vehumet
Xom
Yredelemnul
Zin
The Shining One

Shops:
D:4 }   D:6 (


Innate Abilities, Weirdness & Mutations

You thrive by killing the living.
You are immune to poison.
You have sharp fingernails.
Your flesh is cold resistant. (rC+)
You are immune to negative energy. (rN+++)
You do not regenerate when monsters are visible.
You are immune to unholy pain and torment.
You can survive without breathing.


Message History

The arrow hits you.
The centaur shoots an arrow.
The arrow hits you!
You see here an arrow.
The centaur shoots an arrow.
The arrow barely misses you.
The centaur shoots an arrow.
The arrow hits you.
* * * LOW HITPOINT WARNING * * *
You see here an arrow.
The centaur shoots an arrow.
The arrow hits you!
* * * LOW HITPOINT WARNING * * *
You see here an arrow.
The centaur shoots an arrow.
You reflect the arrow off an invisible shield around you!
The arrow hits the centaur.
The centaur shoots an arrow.
The arrow hits you.
* * * LOW HITPOINT WARNING * * *
The centaur shoots an arrow.
The arrow hits you.
* * * LOW HITPOINT WARNING * * *
You see here 3 arrows.
The centaur shoots an arrow.
The arrow hits you!
You die... #/.. #(.)#......# #..... ##.F. #..†###.######..... '.Y. +.(.....(.......... .cc

#..####.######..... oo
#.....#.# ###.....
#####Y#####+###...#.#.#
#.......
..................#.#.#
#.......
#Y############.#.#
#.......
#c()c(((.(.@...#.#
#.......
########.#######.#
#....... #.# #.#
#....... #.. #.......
#### #....... ########


You could see a centaur.

Vanquished Creatures
  Prince Ribbit (D:6)
  Sigmund (D:2)
  Eustachio (D:6)
  Duvessa (D:6)
  An orc warrior (D:6)
  2 phantoms
  2 centaurs
  A big kobold (D:7)
  A gnoll sergeant (D:7)
  Dowan (D:6)
  A scorpion (D:4)
  5 wights
  4 howler monkeys
  4 orc wizards
  2 hounds
  A centaur skeleton (D:5)
  2 orc priests
  2 bullfrog skeletons
  Ijyb (D:2)
  An iguana (D:4)
  2 worker ants
  4 hound zombies
  3 hound skeletons
  A worker ant zombie (D:3)
  9 gnolls
  12 adders
  A howler monkey skeleton (D:3)
  An ufetubus (D:5)
  2 oozes
  6 adder skeletons
  6 worms
  3 dart slugs
  7 leopard geckos
  21 orcs
  5 ball pythons
  9 bats
  6 giant cockroaches
  6 hobgoblins
  12 jackals
  18 kobolds
  A quokka (D:3)
  6 frilled lizards
  8 goblins
  A leopard gecko skeleton (D:3)
  A leopard gecko zombie (D:6)
  2 quokka skeletons (D:4)
  A quokka zombie (D:3)
  10 rats
199 creatures vanquished.

Vanquished Creatures (collateral kills)
  A bullfrog (D:6)
  An orc priest (D:6)
  A worker ant (D:6)
  A leopard gecko (D:6)
  2 orcs (D:6)
6 creatures vanquished.

Vanquished Creatures (others)
  7 toadstools (D:1)
  A withered plant (D:3)
8 creatures vanquished.

Grand Total: 213 creatures vanquished

Notes
Turn   | Place    | Note
-------+----------+-------------------------------------------
     0 | D:1      | Arpion the Ghoul Gladiator began the quest for the Orb.
     0 | D:1      | Reached XP level 1. HP: 17/17 MP: 0/0
   111 | D:1      | Reached XP level 2. HP: 25/25 MP: 1/1
   266 | D:1      | Reached XP level 3. HP: 27/30 MP: 2/2
   406 | D:1      | Reached skill level 4 in Unarmed Combat
   530 | D:1      | Reached XP level 4. HP: 8/37 MP: 3/3
  1299 | D:2      | Noticed Sigmund
  1622 | D:2      | Killed Sigmund
  1623 | D:2      | Reached skill level 1 in Armour
  1623 | D:2      | Reached skill level 5 in Unarmed Combat
  1623 | D:2      | Reached XP level 5. HP: 29/45 MP: 4/4
  1623 | D:2      | Reached XP level 6. HP: 32/51 MP: 5/5
  2060 | D:2      | Found a burning altar of Makhleb.
  2082 | D:2      | Found a glowing silver altar of Zin.
  2083 | D:2      | Found a basalt altar of Yredelemnul.
  2096 | D:2      | Became a worshipper of Makhleb the Destroyer
  2133 | D:3      | Reached skill level 1 in Stealth
  2376 | D:3      | Reached * piety under Makhleb
  2450 | D:3      | Reached XP level 7. HP: 46/59 MP: 6/6
  2539 | D:3      | Reached skill level 6 in Unarmed Combat
  2722 | D:3      | Noticed Ijyb
  2749 | D:2      | Killed Ijyb
  3246 | D:3      | Reached ** piety under Makhleb
  3288 | D:3      | Found a faded altar of an unknown god.
  3522 | D:4      | Noticed a moth of wrath
  3551 | D:4      | Found a bloodstained altar of Trog.
  3575 | D:4      | Found a hide-covered altar of Uskayaw.
  3576 | D:4      | Noticed a +0 hand axe
  3576 | D:4      | Noticed a +0 dagger
  3681 | D:4      | Found Tuxomob's Gadget Shoppe.
  3727 | D:4      | Identified the cursed +1 hand axe "Vaqi Qae" {flame, *Rage
                  | +Inv rElec rN+}
  3758 | D:4      | Reached skill level 7 in Unarmed Combat
  3758 | D:4      | Reached XP level 8. HP: 45/67 MP: 7/7
  3760 | D:4      | Reached skill level 5 in Fighting
  4275 | D:5      | Entered Level 5 of the Dungeon
  4323 | D:5      | Reached skill level 1 in Shields
  4522 | D:5      | Reached *** piety under Makhleb
  4788 | D:5      | Found a sacrificial altar of Ru.
  4852 | D:5      | Found a staircase to the Ecumenical Temple.
  4971 | Temple   | Entered the Ecumenical Temple
  5066 | D:6      | Noticed Duvessa
  5066 | D:6      | Noticed Dowan
  5113 | D:6      | Killed Duvessa
  5114 | D:6      | Reached skill level 8 in Unarmed Combat
  5126 | D:6      | Killed Dowan
  5227 | D:6      | Found Haclon's Weapon Emporium.
  5766 | D:6      | Noticed Prince Ribbit
  5862 | D:5      | Reached XP level 9. HP: 75/75 MP: 8/8
  5971 | D:6      | Reached skill level 9 in Unarmed Combat
  6063 | D:6      | Noticed Eustachio
  6077 | D:6      | Killed Eustachio
  6199 | D:6      | Killed Prince Ribbit
  6657 | D:7      | Reached skill level 5 in Dodging
  6664 | D:7      | Reached **** piety under Makhleb
  6678 | D:7      | Reached skill level 10 in Unarmed Combat
  6908 | D:7      | Shot with an arrow by a centaur

Illustrated notes

Levels and vault maps discovered:
D:1:      nagdon_arrival_zigzag_paths, layout_basic, minmay_lizard_pond
D:2:      layout_loops_ring, minitemple, uniq_sigmund
D:3:      layout_rooms, chequers_ecumenical_altar_simple_redux, serial_undead,
          serial_undead_c, serial_undead_a, serial_undead_a, serial_undead_e,
          grunt_ministairs_9, serial_park_tiny_1, minmay_snake_closets,
          uniq_ijyb
D:4:      layout_loops_ring, tgw_trog, dancing_weapons_uskayaw, serial_shops,
          nicolae_shop_behind_doors
D:5:      layout_rooms, hangedman_ru_absence, minmay_temple_entry_crystal_x
D:6:      layout_basic, serial_shops, nicolae_shop_statue_plus, uniq_duvessa,
          uniq_prince_ribbit1, uniq_eustachio
D:7:      minmay_the_grid_square_5x5_3x3
          [minmay_the_grid_square_5x5_checkered_statues,
          minmay_the_grid_square_5x5_lines,
          minmay_the_grid_square_5x5_spiral_small,
          minmay_the_grid_square_5x5_fat_x,
          minmay_the_grid_square_5x5_megaprize_hollow,
          minmay_the_grid_square_5x5_dogpile,
          minmay_the_grid_square_5x5_minivault,
          minmay_the_grid_square_5x5_moneybag,
          minmay_the_grid_square_5x5_two_small], layout_basic, serial_glass,
          glass_columns_a, glass_columns_b, glass_columns_a, glass_columns_c,
          glass_columns_b, glass_columns_c
Temple:   nicolae_temple_great_sept

Skill      XL: |  1  2  3  4  5  6  7  8  9 |
---------------+----------------------------+-----
Dodging        | 3 4 5 |  5.1
Unarmed Combat | 4 5 7 8 10 | 10.0
Fighting       | 3 4 5 6 |  6.4
Armour         | 1 2 3 4 |  4.1
Stealth        | 1 2 3 |  3.0
Shields        | 1 |  1.0
Throwing       | |  1.7
Invocations    | |  0.2

Action                   |  1- 3 |  4- 6 |  7- 9 || total
-------------------------+-------+-------+-------++-------
Melee: Unarmed           |    77 |   163 |   485 ||   725
       Punch             |     1 |     2 |    13 ||    16
Invok: Lesser Servant of |       |       |     1 ||     1
  Use: Scroll            |     2 |     1 |     7 ||    10
       Potion            |       |       |     2 ||     2
 Stab: Distracted        |       |     1 |       ||     1
       Sleeping          |       |       |     5 ||     5
Armor: Leather armour    |    20 |    57 |    92 ||   169
Dodge: Dodged            |    46 |   128 |   238 ||   412
Block: Other             |       |       |    76 ||    76
       Reflection        |       |       |     4 ||     4
